 Dungeon Crawl Stone Soup version 0.31.0-11-ge490571c62 (webtiles) character file.

Game seed: 10237729961287786994

20 Bravepunisher the Ducker (level 2, 0/16 HPs)
             Began as a Spriggan Monk on Jan 28, 2024.
             Slain by a hobgoblin (4 damage)
             ... on level 3 of the Dungeon.
             The game lasted 00:01:45 (216 turns).

Bravepunisher the Ducker (Spriggan Monk)             Turns: 216, Time: 00:01:46

Health: 0/16       AC:  2    Str:  7    XL:     2   Next: 58%
Magic:  3/3        EV: 19    Int: 11    God:
Gold:   8          SH:  0    Dex: 17    Spells: 1/1 levels left

rFire   . . .        a - +0 short sword
rCold   . . .        (no shield)
rNeg    . . .        b - +0 robe
rPois   .            (helmet restricted)
rElec   .            (no cloak)
rCorr   .            (gloves unavailable)
SInv    +            (boots unavailable)
Will    .....        (no amulet)
Stlth   ++           (no ring)
HPRegen 0.22/turn    (no ring)
MPRegen 0.08/turn

%: no passive effects
@: very quick
A: very small, no large weapons, unfitting armour, see invisible, speed 3
a: no special abilities


You were on level 3 of the Dungeon.
You visited 1 branch of the dungeon, and saw 3 of its levels.

You collected 8 gold pieces.

Inventory:

Hand Weapons
 a - a +0 short sword (weapon)
Armour
 b - a +0 robe (worn)


   Skills:
 * Level 3.0 Fighting
 - Level 3.2 Short Blades
 + Level 4.4 Dodging


You had one spell level left.
You didn't know any spells.
Your spell library was empty.

Dungeon Overview and Level Annotations

Branches:
Dungeon (3/15)

Altars:


Innate Abilities, Weirdness & Mutations

You are very small and have problems with some larger weapons.
You are too small for most types of armour.
You have supernaturally acute eyesight. (SInv)
You cover ground extremely quickly. (Speed+++)


Message History

A hobgoblin comes into view.
The hobgoblin barely misses you. The goblin closely misses you.
You closely miss the goblin.
A hobgoblin comes into view.
The hobgoblin completely misses you. The goblin completely misses you.
You hit the hobgoblin but do no damage. You hit the goblin but do no damage.
The hobgoblin completely misses you. The goblin closely misses you.
You hit the hobgoblin.
You kill the hobgoblin!
The goblin barely misses you.
You aren't carrying any potions.
You aren't carrying any scrolls.
You barely miss the goblin. The goblin misses you.
You hit the goblin.
You kill the goblin!
Your Fighting skill increases to level 3!
You hit the goblin.
The goblin is severely wounded.
You closely miss the goblin.
The goblin is severely wounded.
The hobgoblin misses you. The goblin hits you with a +0 dagger.
You hit the goblin.
You kill the goblin!
You hit the hobgoblin.
The hobgoblin is heavily wounded.
The hobgoblin hits you.
You completely miss the hobgoblin.
The hobgoblin is heavily wounded.
You hit the hobgoblin.
The hobgoblin is severely wounded.
The hobgoblin completely misses you. The hobgoblin hits you.
* * * LOW HITPOINT WARNING * * *
You closely miss the hobgoblin.
The hobgoblin is severely wounded.
The hobgoblin closely misses you. The hobgoblin completely misses you.
You barely miss the hobgoblin.
The hobgoblin is severely wounded.
The hobgoblin barely misses you. The hobgoblin hits you.
You die...

## # ##. .#
#..### '##
##.##@#...#
#..+.ggg..+
#.J##.#g..#
#...####'##
#.....# ..#
##.##.##.##
#.##..###.
#.........
####.########


You could see 4 hobgoblins.

Vanquished Creatures
  An adder (D:2)
  A ribbon worm (D:2)
  2 goblins (D:3)
  2 hobgoblins (D:3)
  A bat (D:1)
  2 rats
9 creatures vanquished.

Notes
Turn   | Place    | Note
-------+----------+-------------------------------------------
     0 | D:1      | Bravepunisher the Spriggan Monk began the quest for the
                  | Orb.
     0 | D:1      | Reached XP level 1. HP: 11/11 MP: 2/2
    95 | D:2      | Reached XP level 2. HP: 2/16 MP: 3/3
   178 | D:3      | Noticed a scorpion
   216 | D:3      | Slain by a hobgoblin

Illustrated notes

Levels and vault maps discovered:
D:1:      roadster_arrival_rocket_large, layout_rooms, serial_shops,
          nicolae_square_shop, minmay_misc_feat_iff
D:2:      kennysheep_six_static_rooms, layout_basic, uniq_terence, uniq_natasha
D:3:      cheibrodos_greedy_goblins, layout_loops_ring, st_stairs_8,
          supply_closet_lemuel

Skill      XL: |  1  2 |
---------------+-------+-----
Fighting       | 3 |  3.0
Short Blades   | |  3.2
Dodging        | |  4.4

Action                     || total
---------------------------++-------
  Melee: Short sword       ||    67
    Use: Potion            ||     1
 Armour: Robe              ||    26
  Dodge: Dodged            ||    68
